AoeStats
← The Potato King

Lombardia

509712947Analyzed
2v2 RM · 6d ago on Sep 27, 2026· 91m 9s· 4 players
Game mode
Random Map
Map size
Medium (4 player)
Population
200
Speed
Normal
Resources
Standard
Victory
Conquest
Starting age
Dark Age
Ending age
Imperial Age
RankedLock teamsTeams togetherTeam positionsShared explorationLock speedFull tech treeHidden civsTurbo modeCheats
Victory
Defeat
🇩🇪 Franks · Germany
1199
+16
🇩🇪 Mongols · Germany
1197
+16
🇬🇧 Franks · United Kingdom
1218
-17
🇧🇪 Huns · Belgium
1180
-15
Quincy Ironclad
4:53 Loom
11:48 Feudal Age
12:57 Double-Bit Axe
15:52 Castle Age
16:43 Bow Saw
19:28 Gold Mining
21:47 Scale Barding Armor
21:52 Forging
22:22 Husbandry
23:35 Wheelbarrow
23:47 Chain Barding Armor
24:33 Forging
27:09 Stone Mining
27:55 Gold Shaft Mining
28:51 Iron Casting
34:14 Hand Cart
36:36 Imperial Age
35:49 Town Watch
37:20 Fletching
38:06 Plate Barding Armor
38:32 Blast Furnace
36:56 Cavalier
41:21 Chivalry
40:42 Elite Throwing Axeman
41:43 Conscription
42:34 Town Patrol
42:06 Paladin
43:15 Scale Mail Armor
43:42 Ballistics
44:23 Chemistry
43:35 Masonry
43:06 Treadmill Crane
44:04 Careening
44:05 Siege Engineers
44:11 Masonry
43:41 Treadmill Crane
48:25 Chain Mail Armor
53:37 Plate Mail Armor
55:45 Caravan
85:08 Coinage
Fischfuss
5:06 Loom
11:48 Feudal Age
16:18 Castle Age
14:15 Double-Bit Axe
14:13 Horse Collar
16:34 Forging
16:29 Scale Barding Armor
18:15 Husbandry
19:13 Iron Casting
24:05 Bloodlines
24:24 Bow Saw
25:31 Chain Barding Armor
25:48 Husbandry
27:34 Gold Mining
33:53 Fletching
34:04 Padded Archer Armor
35:02 Gold Shaft Mining
34:18 Stone Mining
37:49 Imperial Age
35:17 Bodkin Arrow
38:53 Bracer
39:19 Ballistics
40:55 Chemistry
43:08 Elite Mangudai
44:42 Leather Archer Armor
45:28 Parthian Tactics
45:15 Thumb Ring
45:48 Conscription
47:30 Capped Ram
48:37 Drill
49:55 Hoardings
59:29 Caravan
64:27 Wheelbarrow
63:37 Town Watch
75:53 Siege Engineers
84:26 Coinage
Agrone
8:31 Loom
10:17 Feudal Age
13:08 Double-Bit Axe
13:05 Horse Collar
21:48 Castle Age
21:10 Forging
21:06 Scale Barding Armor
23:32 Pikeman
26:59 Scale Mail Armor
27:35 Iron Casting
28:13 Squires
28:59 Bloodlines
28:50 Husbandry
31:57 Wheelbarrow
33:58 Chain Mail Armor
33:34 Fletching
33:44 Padded Archer Armor
34:06 Chain Barding Armor
34:59 Bow Saw
35:53 Gold Mining
35:44 Light Cavalry
41:02 Imperial Age
38:48 Hand Cart
40:55 Gold Shaft Mining
41:37 Ballistics
41:37 Bodkin Arrow
41:57 Leather Archer Armor
42:51 Conscription
44:02 Chemistry
43:05 Bracer
44:06 Blast Furnace
43:42 Plate Barding Armor
42:52 Elite Tarkan
43:56 Marauders
46:16 Heavy Cavalry Archer
47:22 Parthian Tactics
47:02 Thumb Ring
48:26 Caravan
49:56 Hussar
70:03 Two-Man Saw
The Potato King
3:45 Loom
11:31 Feudal Age
12:30 Double-Bit Axe
18:09 Castle Age
16:34 Gold Mining
18:16 Scale Barding Armor
18:29 Stone Mining
21:37 Wheelbarrow
22:19 Town Watch
23:52 Bow Saw
24:17 Hand Cart
26:34 Husbandry
28:10 Gold Shaft Mining
29:16 Forging
29:45 Fletching
35:13 Iron Casting
38:28 Imperial Age
36:59 Chain Barding Armor
37:06 Ballistics
36:48 Padded Archer Armor
38:32 Cavalier
39:48 Plate Barding Armor
40:14 Blast Furnace
38:36 Cranequins
40:19 Chemistry
39:41 Paladin
40:48 Ordonnance Companies
41:53 Conscription
43:51 Leather Archer Armor
43:31 Bodkin Arrow
44:25 Chivalry
43:49 Heavy Mounted Crossbowman
74:56 Caravan
76:08 Light Cavalry
Connection lost

Rejoining the realm…

Still unreachable

The connection could not be restored.

Session expired

The server has moved on; the page needs a fresh start.